Map: Acropolis LE

Players

Mez

  • Race: Terran Terran
  • League: Master
  • Spawn Location: 11:00

A.I. 1 (Very Easy) - Winner!

  • Race: Zerg Zerg
  • Spawn Location: 5:00

VOD

Have the link to the VOD?

Description

Time

  • Played on: Sept. 5, 2019, 12:25 p.m.
  • Length: 10:51
Show
View Real Time Build Order
Export as new Build Order

Mez Terran 

Build Orders: Reaper Expand 

Get SALT Encoding   

  12  0:00  SCV  
  13  0:13  SCV  
  14  0:17  Supply Depot  
  14  0:25  SCV  
  15  0:38  SCV  
  15  0:40  Barracks  
  16  0:44  Refinery  
  16  0:51  SCV  
  17  1:03  SCV  
  18  1:15  SCV  
  19  1:28  Orbital Command, Reaper  
  20  1:41  Command Center  
  20  1:54  Bunker  
  20  1:55  SCV  
  20  1:59  Supply Depot  
  21  2:03  Marine  
  21  2:07  SCV  
  23  2:21  SCV, Factory  
  24  2:23  Barracks Reactor  
  24  2:31  Refinery  
  24  2:33  SCV  
  25  2:48  SCV  
  26  2:54  Orbital Command  
  26  3:00  Marine x2  
  26  3:03  SCV  
  29  3:06  Widow Mine  
  29  3:08  Starport  
  31  3:15  SCV  
  31  3:17  Marine x2  
  34  3:20  SCV  
  36  3:27  SCV  
  36  3:29  Widow Mine  
  36  3:32  SCV  
  39  3:36  Supply Depot  
  39  3:37  Marine x2  
  39  3:39  SCV  
  42  3:43  Medivac  
  42  3:44  SCV  
  42  3:45  Barracks  
  45  3:51  SCV  
  45  3:52  Factory Tech Lab  
  46  3:56  Engineering Bay  
  46  3:57  SCV  
  46  3:58  Marine x2  
  46  4:02  Supply Depot  
  49  4:03  SCV  
  49  4:09  SCV  
  51  4:12  Barracks  
  51  4:15  SCV  
  52  4:19  Starport Tech Lab  
  52  4:20  Marine x2  
  52  4:23  SCV, Factory Reactor  
  55  4:24  Terran Infantry Weapons Level 1  
  55  4:27  SCV  
  55  4:29  Supply Depot  
  56  4:31  Refinery  
  56  4:37  SCV  
  57  4:39  SCV  
  57  4:42  Stimpack  
  58  4:47  Marine x2  
  58  4:48  Starport Reactor  
  58  4:49  Marauder  
  58  4:51  SCV x2  
  64  4:57  Supply Depot  
  64  4:58  Supply Depot  
  64  5:03  SCV x2  
  66  5:08  Marine x2  
  66  5:09  Marauder  
  66  5:10  Combat Shield  
  70  5:18  SCV x2  
  70  5:19  Supply Depot, Widow Mine x2  
  70  5:20  Supply Depot  
  76  5:26  Refinery  
  76  5:27  Marine  
  76  5:28  Marine x2  
  79  5:29  Marine  
  79  5:30  SCV x2  
  79  5:32  Medivac  
  79  5:35  Medivac  
  88  5:43  Widow Mine x2  
  88  5:45  Marine  
  88  5:46  Supply Depot  
  88  5:47  SCV x2, Supply Depot  
  93  6:09  Command Center, SCV x2  
  93  6:10  Medivac x2  
  103  6:11  Widow Mine x2  
  103  6:19  Marine, Marauder x2  
  110  6:29  Terran Infantry Armor Level 1  
  110  6:30  Barracks  
  110  6:32  Barracks  
  108  6:40  Medivac  
  108  6:44  Marine x2, SCV, Marauder x2  
  108  6:45  SCV  
  118  6:50  Supply Depot x2  
  118  7:10  Armory  
  118  7:11  SCV x2, Medivac, Widow Mine x2, Engineering Bay  
  118  7:13  Supply Depot  
  126  7:17  Medivac  
  126  7:18  Supply Depot  
  126  7:22  Orbital Command  
  128  7:26  SCV x2  
  130  7:33  Barracks Reactor, Barracks Tech Lab  
  130  7:34  Marauder  
  130  7:36  Marine x2, Marauder  
  136  7:49  Refinery  
  136  7:50  Refinery  
  144  8:01  Viking x2  
  144  8:02  Marine x2, Marauder x2  
  144  8:03  Marauder  
  148  8:07  Terran Infantry Weapons Level 2  
  148  8:08  Starport  
  148  8:18  Marine x2  
  150  8:20  Marine  
  150  8:21  Ghost Academy  
  150  8:24  Barracks x2, Marauder x2  
  150  8:25  Terran Infantry Armor Level 2, Barracks  
  155  8:33  Marine, Marauder  
  156  8:36  Marine, SCV x3  
  154  8:45  Marauder, Viking x2  
  161  8:48  SCV  
  161  8:49  Viking  
  161  8:50  Viking  
  165  9:01  Command Center  
  171  9:27  Barracks Tech Lab x2  
  171  9:29  Barracks Reactor  
  171  9:36  Unknown x2  
  171  9:39  Unknown  
  171  9:41  Viking  
  171  9:42  Viking x3  
  181  9:57  Supply Depot  
  181  10:02  Starport  
  181  10:04  Starport  
  181  10:20  Unknown  
Show
View Real Time Build Order
Export as new Build Order

A.I. 1 (Very Easy) Zerg - Winner!

Build Orders: Pool First 

Get SALT Encoding   

  12  0:00  Drone  
  13  0:12  Overlord  
  13  0:16  Drone  
  14  0:36  Spawning Pool  
  14  0:37  Extractor  
  14  0:39  Drone  
  13  0:46  Drone  
  14  0:51  Overlord  
  14  1:23  Zergling x2  
  14  1:25  Queen  
  15  1:29  Roach Warren  
  15  1:32  Drone  
  17  1:36  Extractor  
  16  1:40  Zergling x2, Drone  
  18  1:55  Drone  
  18  1:57  Zergling x2  
  20  2:06  Drone  
  21  2:17  Drone  
  22  2:27  Drone  
  23  2:32  Overlord  
  23  2:35  Drone  
  24  2:42  Drone  
  25  5:20  Zergling x2  
  25  5:38  Drone  
  25  5:39  Overlord, Lair  
  26  5:46  Drone  
  27  5:53  Drone  
  28  6:00  Drone  
  28  6:04  Roach  
  31  6:07  Drone  
  30  6:36  Overseer x2  
  30  6:46  Roach  
  32  7:10  Hatchery  
  31  7:29  Roach  
  33  7:48  Overlord, Overseer  
  33  8:23  Drone  
  34  8:28  Zergling x2  
  34  8:30  Drone  
  34  8:33  Extractor  
  34  8:35  Extractor  
  34  8:38  Drone  
  34  8:45  Drone  
  35  8:52  Drone  
  36  9:00  Drone  
  37  9:07  Drone  
  38  9:14  Drone  
  39  9:21  Drone  
  40  9:28  Drone  
  41  9:35  Drone  
  42  9:43  Drone  
  43  9:50  Drone  
  44  9:57  Drone  
  44  9:58  Overlord  
  45  10:04  Drone  
  46  10:11  Drone  
  47  10:19  Drone  
  48  10:26  Drone  
Tags
 
Add a new tag
Caveats
  • Supply blocks, unpowered buildings, or Contaminate may cause inaccurate times.
  • Supply counts are checked every 10 seconds.